 Dungeon Crawl Stone Soup version 0.27-a0-972-gd1521fd518 (webtiles) character file.

Game seed: 12851037841422869289

1288 spiderkeys the Agent of Entropy (level 8, -2/62 HPs)
             Began as a Demonspawn Abyssal Knight on Apr 14, 2021.
             Was a Priest of Lugonu.
             Slain by a water moccasin (9 damage)
             ... on level 5 of the Dungeon.
             The game lasted 00:09:57 (8178 turns).

spiderkeys the Agent of Entropy (DsAK)              Turns: 8178, Time: 00:09:58

Health: -2/62      AC:  6    Str: 14    XL:     8   Next: 30%
Magic:  20/21      EV: 11    Int: 12    God:    Lugonu [***...]
Gold:   303        SH:  4    Dex: 13    Spells: 7/7 levels left

rFire    . . .     SeeInvis +   z - +0 trident
rCold    . . .     Faith    +   n - +0 buckler
rNeg     . . .     Spirit   .   b - +0 leather armour
rPois    .         Reflect  .   (no helmet)
rElec    .         Harm     .   (no cloak)
rCorr    .         Rampage  .   (no gloves)
Will     .....                  h - +1 pair of boots
Stlth    +.........             c - amulet of faith
HPRegen  0.20/turn              l - ring of see invisible
MPRegen  0.17/turn              o - ring of magical power

@: no status effects
A: powered by death 2, powered by pain 2, dopey 1, shaggy fur 1
a: Renounce Religion, Depart the Abyss, Bend Space, Banish


You were on level 5 of the Dungeon.
You worshipped Lugonu.
Lugonu was most pleased with you.
You visited 1 branch of the dungeon, and saw 6 of its levels.
You visited the Abyss 1 time.

You collected 303 gold pieces.

Inventory:

Hand Weapons
 a - a +1 spear
 z - a +0 trident (weapon)
Armour
 b - a +0 leather armour (worn)
 h - a +1 pair of boots (worn)
 n - a +0 buckler (worn)
Jewellery
 c - an amulet of faith (around neck)
 i - an amulet of the acrobat
 l - a ring of see invisible (left hand)
 o - a ring of magical power (right hand)
Wands
 e - a wand of paralysis (8)
 m - a wand of polymorph (9)
 s - a wand of flame (24)
Scrolls
 f - a scroll of silence
 j - a scroll of teleportation
 k - 2 scrolls of immolation
Potions
 g - 4 potions of flight
 p - a potion of magic
 x - a potion of haste {unknown}
Miscellaneous
 d - a phantom mirror


   Skills:
 + Level 5.0 Fighting
 * Level 5.6 Polearms
 + Level 3.9 Armour
 - Level 1.5 Dodging
 + Level 3.0 Shields
 + Level 5.8 Invocations


You had 7 spell levels left.
You didn't know any spells.
Your spell library contained the following spells:

 Spells                   Type           Power      Damage    Failure   Level
 Beastly Appendage        Tmut           0%         N/A       43%         1
 Wereblood                Tmut           0%         N/A       56%         2
 Confusing Touch          Hex            0%         N/A       80%         3
 Gell's Gravitas          Tloc           0%         N/A       80%         3
 Spider Form              Tmut/Pois      0%         N/A       80%         3
 Ice Form                 Ice/Tmut       0%         N/A       99%         4
 Petrify                  Tmut/Erth      0%         N/A       99%         4
 Hydra Form               Tmut           0%         N/A       100%        5
 Metabolic Englaciation   Hex/Ice        0%         N/A       100%        5
 Yara's Violent Unravell  Hex/Tmut       0%         3d3       100%        5


Dungeon Overview and Level Annotations

Branches:
Dungeon (6/15)
 Temple: D:4-7

Altars:
Fedhas
Kikubaaqudgha
Qazlal
Uskayaw
Zin

Shops:
D:2 :

Annotations:
Abyss:1 Blork the orc, Pikel


Innate Abilities, Weirdness & Mutations

You regenerate health from kills.
You sometimes gain power by taking damage.
You are dopey. (Int -2)
You are covered in fur. (AC +1)


Message History

You are lethally poisoned!
The water moccasin poisons you!
You feel very sick.
* * * LOW HITPOINT WARNING * * *
You feel very sick. The water moccasin bites you.
* * * LOW HITPOINT WARNING * * *
The scorpion misses you.
* * * LOW HITPOINT WARNING * * *
You feel very sick.
It was a potion of mutation.
You feel extremely strange.
You feel stupid. Fur sprouts all over your body.
* * * LOW HITPOINT WARNING * * *
You feel very sick. The water moccasin closely misses you.
The water moccasin bites you but does no damage.
It was a potion of heal wounds.
You feel much better.
You feel sick. The water moccasin bites you. Space bends around you!
You blink.
You feel sick.
Found a throwing net.
You feel sick.
You feel sick. Space bends around you!
You blink.
You feel sick.
You feel sick. The water moccasin barely misses you.
You feel sick.
You feel sick.
You are no longer poisoned.
The water moccasin bites you.
* * * LOW HITPOINT WARNING * * *
Space bends sharply around you!
You blink.
The water moccasin bites you but does no damage.
There is a stone staircase leading up here.
You block the water moccasin's attack.
You climb upwards.
There is a stone staircase leading down here.
Press: ? - help, Shift-Dir - straight line, f - water moccasin
Aim: a water moccasin (chance to affect: 84%)
You fail to use your ability.
The water moccasin closely misses you. The water moccasin bites you!
You die...

...............##...# #.######
.....#######...##...# #......##
.....# #.....#### ######...
.....# ###.#.##############.#
####.# #..................#
..(..# #..#........######.#
###### ##..........# #.#
.##############.S........######.#
.#............##@...............#
##............###................
##............# #........########
..............# #........#
..............##########.#
.......##......#.........#
......##.......#..(...####
#######....#'#.#......#
...####..###.#.#......#


You could see a water moccasin.

Vanquished Creatures
  A water moccasin (D:5)
  A water moccasin zombie (D:5)
  2 vampire bats (D:3)
  A jelly (D:4)
  3 centaur skeletons
  A hound (D:5)
  Ijyb (D:5)
  An iguana (D:4)
  14 adders
  A white imp (D:4)
  An ufetubus (D:4)
  5 dart slugs
  7 orcs (D:4)
  7 ball pythons
  3 bat skeletons (D:3)
  A bat zombie (D:3)
  10 endoplasms
  3 giant cockroaches
  9 goblins
  8 hobgoblins
  19 jackals
  3 quokkas
  7 bats
  4 frilled lizards
  7 kobolds
  12 rats
132 creatures vanquished.

Notes
Turn   | Place    | Note
-------+----------+-------------------------------------------
     0 | Abyss:1  | spiderkeys the Demonspawn Abyssal Knight began the quest
                  | for the Orb.
     0 | Abyss:1  | Reached XP level 1. HP: 18/18 MP: 2/2
   110 | Abyss:2  | Noticed a small abomination
   146 | Abyss:3  | Noticed an ancient zyme
   179 | Abyss:3  | Noticed a shadow
   182 | Abyss:3  | Noticed a large abomination
   182 | Abyss:3  | Noticed a wretched star
   183 | D:1      | Escaped the Abyss
   261 | D:1      | Reached skill level 1 in Dodging
   263 | D:1      | Reached * piety under Lugonu
   361 | D:1      | Gained mutation: You regenerate a little health from kills.
                  | [demonic ancestry]
   361 | D:1      | Reached XP level 2. HP: 24/24 MP: 3/3
  1029 | D:1      | Reached XP level 3. HP: 29/29 MP: 5/5
  1107 | D:1      | Reached ** piety under Lugonu
  1589 | D:2      | Found Ykoptom's Book Shoppe.
  1651 | D:2      | Found a hide-covered altar of Uskayaw.
  1963 | D:2      | Gained mutation: You sometimes gain a little power by
                  | taking damage. [demonic ancestry]
  1963 | D:2      | Reached XP level 4. HP: 13/35 MP: 6/6
  2513 | D:2      | Reached *** piety under Lugonu
  3262 | D:3      | Found a blossoming altar of Fedhas.
  3277 | D:3      | Gained mutation: You sometimes gain power by taking damage.
                  | [demonic ancestry]
  3277 | D:3      | Reached XP level 5. HP: 26/41 MP: 7/7
  3962 | D:3      | Found an ancient bone altar of Kikubaaqudgha.
  3980 | D:3      | Reached **** piety under Lugonu
  3981 | D:3      | Reached skill level 1 in Shields
  4175 | D:3      | Found a faded altar of an unknown god.
  4277 | D:4      | Noticed Blork the orc
  4288 | D:4      | Banished Blork the orc
  4289 | D:4      | Reached XP level 6. HP: 11/48 MP: 4/9
  4654 | D:4      | Found a stormy altar of Qazlal.
  5605 | D:4      | Reached XP level 7. HP: 49/54 MP: 10/10
  5687 | D:4      | Noticed Pikel
  6031 | D:4      | Banished Pikel
  6032 | D:4      | Reached skill level 5 in Polearms
  6032 | D:4      | Reached skill level 5 in Invocations
  6721 | D:5      | Entered Level 5 of the Dungeon
  6861 | D:5      | Gained mutation: You regenerate health from kills. [demonic
                  | ancestry]
  6861 | D:5      | Reached XP level 8. HP: 27/61 MP: 12/12
  7032 | D:5      | Noticed Ijyb
  7069 | D:5      | Killed Ijyb
  7451 | D:5      | Reached skill level 5 in Fighting
  8164 | D:6      | Gained mutation: You are dopey. (Int -2) [potion of
                  | mutation]
  8164 | D:6      | Gained mutation: You are covered in fur. (AC +1) [potion of
                  | mutation]
  8178 | D:5      | Slain by a water moccasin

Illustrated notes

Levels and vault maps discovered:
D:1:      lightli_iron_boxes, layout_basic
D:2:      layout_basic, serial_shops, nicolae_shop_crystal, basic_altar
D:3:      layout_rooms, kennysheep_vampire_church, jmf_multi_god_temple,
          serial_rivers, chequers_serial_rivers_large_b,
          chequers_serial_rivers_small_b, chequers_serial_rivers_micro_b,
          chequers_serial_rivers_marsh, chequers_serial_rivers_large_a,
          chequers_serial_rivers_micro_b, shapermc_ecumenical_altar_venn
D:4:      layout_loops_cross, grunt_qazlal_sundering, uniq_pikel,
          uniq_blork_the_orc
D:5:      layout_basic, hangedman_glass_teeth, uniq_ijyb
D:6:      layout_basic

Skill      XL: |  1  2  3  4  5  6  7  8 |
---------------+-------------------------+-----
Dodging        | 1 |  1.5
Polearms       | 2 3 4 5 |  5.6
Armour         | 2 3 |  3.9
Invocations    | 3 4 5 |  5.8
Shields        | 1 2 3 |  3.0
Fighting       | 4 5 |  5.0

Action                   |  1- 3 |  4- 6 |  7- 9 || total
-------------------------+-------+-------+-------++-------
Melee: Spear             |   200 |   309 |       ||   509
       Trident           |       |    45 |   108 ||   153
Invok: Depart the Abyss  |     1 |       |       ||     1
       Banish            |       |     1 |     4 ||     5
       Bend Space        |       |       |     4 ||     4
Evoke: Wand              |       |       |     2 ||     2
  Use: Scroll            |       |       |    12 ||    12
       Potion            |       |       |     5 ||     5
 Stab: Sleeping          |     1 |     3 |       ||     4
       Paralysed         |       |       |     4 ||     4
Armor: Leather armour    |    65 |   122 |    24 ||   211
Dodge: Dodged            |   111 |   206 |    55 ||   372
Block: Buckler           |       |    56 |    19 ||    75

Table legend: (Time is in decaauts)
 A = Elapsed time spent in this place.
 B = Non-inter-level travel time spent in this place.
 C = Inter-level travel time spent in this place.
 D = Time resting spent in this place.
 E = Time spent auto-exploring this place.
 F = Levels seen in this place.
 G = Mean time per level.
                   A        B        C        D        E       F      G
               +--------+--------+--------+--------+--------+-----+--------+
         Total |   8248 |   8105 |    143 |    815 |   6048 |   9 |  916.4 |
       Dungeon |   8065 |   7922 |    143 |    815 |   6048 |   6 | 1344.2 |
         Abyss |    182 |    182 |      0 |      0 |      0 |   3 |   60.7 |
               +--------+--------+--------+--------+--------+-----+--------+

Top non-repeatable levels by time:
     D:4: 2149 daAuts
     D:3: 1772 daAuts
     D:5: 1387 daAuts
     D:1: 1346 daAuts
     D:2: 1336 daAuts
     D:6: 74 daAuts
 Abyss:1: 74 daAuts
 Abyss:3: 66 daAuts
 Abyss:2: 41 daAuts
